 Dungeon Crawl Stone Soup version 0.30.1-4-g462c640d31 (webtiles) character file.

Game seed: 15807371368172765684

41 safid the Chiller (level 3, 0/27 HPs)
             Began as a Merfolk Ice Elementalist on Aug 21, 2023.
             Slain by Robin
             ... wielding a +0 spear
              (3 damage)
             ... on level 2 of the Dungeon.
             The game lasted 00:02:40 (862 turns).

safid the Chiller (Merfolk Ice Elementalist)         Turns: 862, Time: 00:02:41

Health: 0/27       AC:  2    Str:  8    XL:     3   Next: 52%
Magic:  3/6        EV: 12    Int: 16    God:
Gold:   43         SH:  0    Dex: 14    Spells: 3/7 levels left

rFire   . . .        d - +0 dagger
rCold   . . .        (no shield)
rNeg    . . .        a - +0 robe
rPois   .            (no helmet)
rElec   .            (no cloak)
rCorr   .            (no gloves)
SInv    .            (no boots)
Will    .....        (no amulet)
Stlth   ++           (no ring)
HPRegen 0.24/turn    (no ring)
MPRegen 0.10/turn

%: no passive effects
@: freezing walls
A: (nimble swimmer 2), mertail
a: no special abilities


You were on level 2 of the Dungeon.
You visited 1 branch of the dungeon, and saw 2 of its levels.

You collected 43 gold pieces.

Inventory:

Hand Weapons
 d - a +0 dagger (weapon)
Armour
 a - a +0 robe (worn)
Scrolls
 f - a scroll of teleportation {unknown}
 g - a scroll of amnesia {unknown}
 h - a scroll of blinking {unknown}
 i - a scroll of immolation {unknown}
 k - a scroll of fog {unknown}
Potions
 c - a potion of attraction {unknown}
 e - a potion of resistance {unknown}
 j - a potion of degeneration {unknown}


   Skills:
 + Level 1.7 Fighting
 - Level 2.6 Dodging
 - Level 2.1 Stealth
 + Level 2.5 Spellcasting
 + Level 4.8 Ice Magic


You had 3 spell levels left.
You knew the following spells:

 Your Spells              Type           Power      Damage    Failure   Level
a - Freeze                Ice            68%        1d8       2%          1
b - Frozen Ramparts       Ice            34%        1d6       8%          3

Your spell library contained the following spells:

 Spells                   Type           Power      Damage    Failure   Level
 Ozocubu's Armour         Ice            17%        N/A       8%          3
 Summon Ice Beast         Ice/Summ       9%         N/A       56%         4


Dungeon Overview and Level Annotations

Branches:
Dungeon (2/15)

Altars:

Annotations:
D:2 Robin


Innate Abilities, Weirdness & Mutations

((You are very nimble when in or above water. (Stealth+, EV+, Speed+++)))
Your lower body shifts to a powerful aquatic tail in water.


Message History

You kill the goblin!
A giant cockroach comes into view.
The wall freezes the hobgoblin but does no damage.
The wall freezes Robin.
Robin hits you from afar with a +0 spear.
You hit the hobgoblin but do no damage.
The frozen ramparts melt away.
The hobgoblin hits you.
* * * LOW HITPOINT WARNING * * *
Robin closely misses you. The hobgoblin closely misses you. Robin misses you.
Magic courses through your body. The hobgoblin barely misses you.
Robin says, "We wiped out the hill dwarves - you're next!"
Robin closely misses you.
Casting: Frozen Ramparts (quite dangerous; 8% risk of failure)
Confirm with . or Enter, or press ? or * to list all spells.
The spell is quite dangerous to miscast (8% risk of failure)!
Continue anyway? [Y]es or [N]o only, please.
The spell is quite dangerous to miscast (8% risk of failure)!
Continue anyway?
Casting: Frozen Ramparts (quite dangerous; 8% risk of failure)
Press: ? - help, Dir - look around, f - activate The walls around you are covered in ice.
The wall freezes the rat.
You kill the rat!
The wall freezes the hobgoblin.
The hobgoblin closely misses you.
The wall freezes Robin.
Robin barely misses you.
Unknown command.
You hit the hobgoblin but do no damage.
The hobgoblin is almost dead.
The hobgoblin no longer looks unusually strong.
The wall freezes the giant cockroach.
The wall freezes the hobgoblin.
You kill the hobgoblin!
The wall freezes Robin.
Robin hits you from afar with a +0 spear.
* * * LOW HITPOINT WARNING * * *
Unknown command.
The wall freezes the giant cockroach.
You kill the giant cockroach!
The wall freezes Robin but does no damage.
Robin hits you from afar with a +0 spear.
You die...

... #... ####### #...
.....### ## #....
#.....#####.#
#..#####)........#.###<
###...)@))....###.......
#......##g.....# ..#....
#......##......##.#.....
#.......###..#..?.......
###.###.###.............
#............###g...)..
#..............###g.....
#.................#.gg...
#.................. g....


You could see Robin.

Vanquished Creatures
  A dart slug (D:1)
  3 bats (D:1)
  5 endoplasms (D:1)
  2 giant cockroaches (D:2)
  12 goblins
  4 hobgoblins
  A kobold (D:1)
  3 ball pythons (D:1)
  3 rats
34 creatures vanquished.

Notes
Turn   | Place    | Note
-------+----------+-------------------------------------------
     0 | D:1      | safid the Merfolk Ice Elementalist began the quest for the
                  | Orb.
     0 | D:1      | Reached XP level 1. HP: 13/13 MP: 3/3
    91 | D:1      | Reached XP level 2. HP: 14/20 MP: 1/5
    98 | D:1      | Reached skill level 1 in Fighting
   499 | D:1      | Reached XP level 3. HP: 21/26 MP: 1/6
   503 | D:1      | Learned a level 3 spell: Frozen Ramparts
   830 | D:2      | Noticed Robin
   862 | D:2      | Slain by Robin

Illustrated notes

Levels and vault maps discovered:
D:1:      ldierk_walled_garden, layout_rooms
D:2:      layout_rooms, uniq_sigmund, uniq_robin

Skill      XL: |  1  2 |
---------------+-------+-----
Fighting       | 1 |  1.7
Dodging        | |  2.6
Stealth        | |  2.1
Spellcasting   | |  2.5
Ice Magic      | |  4.8

Action                     || total
---------------------------++-------
  Melee: Dagger            ||    55
         Punch             ||     1
   Cast: Freeze            ||    16
         Frozen Ramparts   ||     2
    Use: Potion            ||     1
   Stab: Sleeping          ||     2
 Armour: Robe              ||    15
  Dodge: Dodged            ||    45
